 Dungeon Crawl Stone Soup version 0.23-a0-584-g44dd78f40d (webtiles) character file.

12474 Zazzi the Geomancer (level 11, -8/64 HPs)
             Began as a Gargoyle Earth Elementalist on Dec 17, 2018.
             Was a High Priest of Vehumet.
             Killed from afar by Fannar (29 damage)
             ... with a bolt of cold
             ... on level 11 of the Dungeon.
             The game lasted 00:49:54 (12362 turns).

Zazzi the Geomancer (Gargoyle Earth Elementalist)  Turns: 12362, Time: 00:49:55

Health: -8/64      AC: 14    Str: 16    XL:     11   Next: 93%
Magic:  15/23      EV: 13    Int: 17    God:    Vehumet [*****.]
Gold:   407        SH:  3    Dex: 10    Spells: 17/26 levels left

rFire    . . .     SeeInvis .   k - +5 morningstar
rCold    . . .     Gourm    .   (no shield)
rNeg     + . .     Faith    .   c - +0 robe
rPois    ∞         Spirit   .   a - +0 helmet
rElec    +         Reflect  +   D - +1 cloak {rPois}
rCorr    +         Harm     .   (no gloves)
MR       .....     Clarity  +   (no boots)
Stlth    ++........             e - +3 amulet of reflection
HPRegen  0.20/turn              j - ring of resist corrosion
MPRegen  0.18/turn              H - +4 ring of strength

@: very slightly contaminated, studying Hexes, invisible
A: talons 1, clarity, dopey 1, negative energy resistance 1, electricity
resistance, unbreathing, petrification resistance, rot immunity, AC +8
a: Renounce Religion


You were on level 11 of the Dungeon.
You worshipped Vehumet.
Vehumet was extremely pleased with you.
You were not hungry.

You visited 1 branch of the dungeon, and saw 11 of its levels.
You also visited: Sewer.

You collected 667 gold pieces.
You spent 260 gold pieces at shops.

Inventory:

Hand Weapons
 k - a +5 morningstar (weapon)
Missiles
 b - 66 stones (quivered)
 h - 2 throwing nets
Armour
 a - a +0 helmet (worn)
 c - a +0 robe (worn)
 D - a +1 cloak of poison resistance (worn)
Magical Staves
 w - an uncursed staff of earth {unknown}
 A - a cursed staff of conjuration {unknown}
Jewellery
 e - a +3 amulet of reflection (around neck)
 j - a ring of resist corrosion (left hand)
 p - an uncursed ring of protection from cold
 E - a cursed amulet of inaccuracy {unknown}
 H - a +4 ring of strength (right hand)
Wands
 m - a wand of paralysis (5)
 r - a wand of random effects (59)
 B - a wand of flame (49)
 C - a wand of scattershot (6)
Scrolls
 n - 3 scrolls of magic mapping
 q - a scroll of fear
 t - a scroll of amnesia
 v - 3 scrolls of teleportation
 x - 6 scrolls of remove curse
 y - a scroll of vulnerability
Potions
 f - 3 potions of lignification
 g - 2 potions of curing
 l - 2 potions of agility
 o - a potion of heal wounds
 s - 7 potions of flight
 u - a potion of invisibility
 F - a potion of haste
Books
 G - a manual of Hexes
Miscellaneous
 i - a phantom mirror
Comestibles
 d - 20 rations
 z - a chunk of flesh


   Skills:
 + Level 5.5 Fighting
 + Level 5.0 Maces & Flails
 + Level 5.5 Armour
 + Level 4.6 Dodging
 - Level 2.1 Stealth
 + Level 8.1 Spellcasting
 + Level 9.1 Conjurations
   Level 0.7 Transmutations
 + Level 10.8 Earth Magic
 + Level 4.6 Evocations


You had 17 spell levels left.
You knew the following spells:

 Your Spells              Type           Power        Failure   Level  Hunger
a - Sandblast             Erth           #####.       1%          1    None
b - Stone Arrow           Conj/Erth      #####.       1%          3    #......
c - Lee's Rapid Deconstr  Erth           #####.....   1%          5    #####..

Your spell library contained the following spells:

 Spells                   Type           Power        Failure   Level  Hunger
 Yara's Violent Unravell  Hex/Tmut       #.........   50%         5    #####..
 Passwall                 Tmut/Erth      ####....     1%          2    None
 Beastly Appendage        Tmut           #.....       8%          1    None
 Petrify                  Tmut/Erth      ####....     10%         4    ###....
 Summon Small Mammal      Summ           #...         11%         1    None
 Sticks to Snakes         Tmut           #.......     12%         2    None
 Call Imp                 Summ           #.......     16%         2    None
 Spider Form              Tmut/Pois      #.........   26%         3    #......
 Call Canine Familiar     Summ           #.......     30%         3    #......
 Summon Guardian Golem    Hex/Summ       #.......     30%         3    #......
 Ice Form                 Ice/Tmut       #.......     65%         4    ###....
 Summon Ice Beast         Ice/Summ       #.......     71%         4    ###....
 Summon Lightning Spire   Summ/Air       #.......     71%         4    ###....
 Blade Hands              Tmut           #.........   91%         5    #####..


Dungeon Overview and Level Annotations

Branches:
Dungeon (11/15)            Temple (0/1) D:5            Lair (0/6) D:9
    Orc: D:9-12

Altars:
Ashenzari
Elyvilon
Fedhas
Gozag
Kikubaaqudgha
Makhleb
Okawaru
Ru
Sif Muna
Vehumet
Wu Jian
Xom
Zin
The Shining One

Shops:
D:9 (   D:10 *[

Annotations:
D:11 Fannar, Josephine


Innate Abilities, Weirdness & Mutations

You are resistant to torment.
Your stone body is resilient. (AC +8)
You are immune to poison.
You resist negative energy. (rN+)
You are resistant to electric shocks. (rElec)
You can survive without breathing.
You are immune to petrification.
You are immune to rotting.
You have sharp toenails.
You possess an exceptional clarity of mind.
You are dopey. (Int -2)


Message History

The blast of sand misses Fannar.
b - 67 stones Fannar barely misses you.
Casting: Sandblast (safe; 1% risk of failure)
Confirm with . or Enter, or press ? or * to list all spells.
Aiming: Sandblast (safe; 1% risk of failure)
Press: ? - help, Shift-Dir - straight line, f/p - Fannar
Aim: Fannar, wielding a +0 quarterstaff of freezing, wearing a +1 robe of cold The blast of sand hits Fannar.
Fannar is almost dead.
b - 66 stones Fannar barely misses you.
Unknown command.
Unknown command.
Unknown command.
Unknown command.
You feel much better. Fannar casts a spell at you. The bolt of cold hits you!
You die...

## .. .#### !...
..#
#.###########..#
..#......@e...<..#
#.#.##########...#
#.#.# ..#># # ...#
#..#.# #e##..#
...# # #.# ....#
##### #.# #.W# #.#
#># #.# #.#


You could see Fannar.

Vanquished Creatures
  An unseen horror (D:7)
  Pikel (D:7)
  2 ugly things
  A deep elf mage (D:8)
  A manticore (D:11)
  Joseph (D:7)
  2 centaur zombies
  2 trolls (D:9)
  A tengu conjurer (D:10)
  Grinder (D:4)
  4 hippogriffs
  Sigmund (D:2)
  A yak (D:8)
  A wyvern (D:10)
  A hungry ghost (D:8)
  Edmund (D:4)
  A soldier ant (D:10)
  Duvessa (D:4)
  3 wargs (D:9)
  4 water moccasins
  2 black bears
  3 ice beasts
  2 orc warriors
  A sky beast (D:9)
  A slave (D:7)
  9 ogres
  A necrophage (D:6)
  A phantom (D:9)
  A wolf (D:9)
  3 centaurs
  3 big kobolds
  8 bullfrogs
  2 gnoll sergeants
  5 scorpions
  Dowan (D:4)
  3 wights (D:9)
  9 killer bees
  2 howler monkeys
  6 crimson imps
  3 bullfrog zombies
  A quasit (D:8)
  9 hounds
  Crazy Yiuf (D:7)
  2 bullfrog skeletons
  A gnoll shaman (D:9)
  11 orc priests
  2 jellies
  17 orc wizards
  A centaur skeleton (D:4)
  8 worker ants
  2 hound skeletons
  4 worker ant zombies
  Robin (D:3)
  A howler monkey skeleton (D:3)
  15 adders
  18 gnolls
  2 river rats (Sewer)
  5 shadow imps
  2 adder zombies
  2 adder skeletons
  A worm (D:4)
  2 dart slugs (D:3)
  2 leopard geckos
  32 orcs
  A ball python (D:6)
  10 giant cockroaches
  13 goblins
  3 hobgoblins
  13 jackals
  4 quokkas
  4 bats
  5 frilled lizards
  A giant cockroach zombie (D:6)
  15 kobolds
  2 leopard gecko zombies
  A quokka zombie (D:6)
  14 rats
325 creatures vanquished.

Vanquished Creatures (others)
  A centaur (D:10)
  A plant (D:9)
2 creatures vanquished.

Grand Total: 327 creatures vanquished

Notes
Turn   | Place    | Note
-------+----------+-------------------------------------------
     0 | D:1      | Zazzi the Gargoyle Earth Elementalist began the quest for
                  | the Orb.
     0 | D:1      | Reached XP level 1. HP: 10/10 MP: 3/3
   345 | D:1      | Reached XP level 2. HP: 14/15 MP: 5/5
   350 | D:1      | Reached skill level 4 in Earth Magic
  1072 | D:2      | Found an iron altar of Okawaru.
  1079 | D:2      | Reached XP level 3. HP: 16/19 MP: 5/7
  1084 | D:2      | Learned a level 3 spell: Stone Arrow
  1180 | D:2      | Noticed Sigmund
  1193 | D:2      | Killed Sigmund
  1193 | D:2      | Reached skill level 5 in Earth Magic
  1193 | D:2      | Reached XP level 4. HP: 17/24 MP: 2/9
  1193 | D:2      | Reached XP level 5. HP: 20/28 MP: 2/10
  1200 | D:2      | Learned a level 5 spell: Lee's Rapid Deconstruction
  1448 | D:2      | Found a radiant altar of Vehumet.
  1457 | D:2      | Became a worshipper of Vehumet
  2085 | D:2      | Found a glowing golden altar of the Shining One.
  2110 | D:3      | Reached XP level 6. HP: 32/32 MP: 11/11
  2111 | D:3      | Noticed Robin
  2130 | D:3      | Killed Robin
  2816 | D:3      | Reached * piety under Vehumet
  2816 | D:3      | Offered knowledge of Shock by Vehumet.
  2857 | D:3      | Reached skill level 6 in Earth Magic
  2971 | D:4      | Noticed Grinder
  3028 | D:4      | Noticed Edmund
  3040 | D:4      | Killed Edmund
  3040 | D:4      | Reached XP level 7. HP: 27/36 MP: 3/13
  3049 | D:4      | Killed Grinder
  3049 | D:4      | Reached skill level 7 in Earth Magic
  3219 | D:4      | Reached skill level 5 in Spellcasting
  3254 | D:4      | Noticed Duvessa
  3260 | D:4      | Noticed Dowan
  3269 | D:4      | Killed Dowan
  3269 | D:4      | Offered knowledge of Sting by Vehumet.
  3269 | D:4      | Reached skill level 5 in Conjurations
  3269 | D:4      | Reached XP level 8. HP: 34/41 MP: 11/15
  3322 | D:4      | Reached ** piety under Vehumet
  3331 | D:4      | Found a glowing drain.
  3369 | Sewer    | Entered a sewer
  3832 | Sewer    | Found a glowing silver altar of Zin.
  3964 | D:4      | Killed Duvessa
  3964 | D:4      | Reached skill level 8 in Earth Magic
  4322 | D:4      | Found a sacrificial altar of Ru.
  4681 | D:5      | Entered Level 5 of the Dungeon
  4797 | D:5      | Found a white marble altar of Elyvilon.
  4947 | D:5      | Found a staircase to the Ecumenical Temple.
  4962 | D:5      | Offered knowledge of Static Discharge by Vehumet.
  4993 | D:5      | Reached XP level 9. HP: 45/45 MP: 14/18
  5086 | D:5      | Found a white marble altar of Elyvilon.
  5088 | D:5      | Found a shattered altar of Ashenzari.
  5425 | D:6      | Found an ornate altar of the Wu Jian Council.
  5627 | D:6      | Reached skill level 9 in Earth Magic
  5644 | D:6      | Found a burning altar of Makhleb.
  5661 | D:6      | Reached *** piety under Vehumet
  5706 | D:6      | Reached skill level 1 in Fighting
  5933 | D:6      | Reached skill level 1 in Armour
  6025 | D:6      | Reached skill level 1 in Maces & Flails
  6054 | D:6      | Reached skill level 1 in Evocations
  6259 | D:6      | Offered knowledge of Ignite Poison by Vehumet.
  6329 | D:6      | Found a sacrificial altar of Ru.
  6469 | D:6      | Found a glowing silver altar of Zin.
  6491 | D:7      | Noticed Joseph
  6502 | D:7      | Killed Joseph
  6733 | D:7      | Killed an unseen horror
  6733 | D:7      | Reached XP level 10. HP: 20/55 MP: 11/20
  6867 | D:7      | Noticed Pikel
  6888 | D:7      | Killed Pikel
  6909 | D:7      | Reached **** piety under Vehumet
  7070 | D:7      | Found an ancient bone altar of Kikubaaqudgha.
  7278 | D:7      | Found a runed door.
  7282 | D:7      | Noticed Crazy Yiuf
  7286 | D:7      | Killed Crazy Yiuf
  7404 | D:8      | You fall through a shaft for 3 floors!
  7553 | D:11     | Noticed Fannar
  7565 | D:11     | Noticed Josephine
  7725 | D:11     | Noticed a manticore
  7733 | D:11     | Killed a manticore
  7950 | D:10     | Entered Level 10 of the Dungeon
  7996 | D:10     | Offered knowledge of Dazzling Spray by Vehumet.
  7996 | D:10     | Reached skill level 10 in Earth Magic
  8326 | D:9      | Found an opulent altar of Gozag.
  8331 | D:9      | Reached ***** piety under Vehumet
  8331 | D:9      | Reached XP level 11. HP: 23/61 MP: 10/22
  8357 | D:9      | Offered knowledge of Fulminant Prism by Vehumet.
  8610 | D:9      | Found a deep blue altar of Sif Muna.
  8651 | D:9      | Noticed a white ugly thing
  8656 | D:9      | Killed a white ugly thing
  8663 | D:9      | Found a staircase to the Lair.
  8739 | D:9      | Gained mutation: You have a pair of small antennae on your
                  | head. [potion of mutation]
  8739 | D:9      | Gained mutation: You possess an exceptional clarity of
                  | mind. [potion of mutation]
  8761 | D:9      | Lost mutation: You possess an exceptional clarity of mind.
                  | [potion of mutation]
  8761 | D:9      | Lost mutation: You have a pair of small antennae on your
                  | head. [potion of mutation]
  8761 | D:9      | Gained mutation: You are dopey. (Int -2) [potion of
                  | mutation]
  8761 | D:9      | Gained mutation: You have sharp toenails. [potion of
                  | mutation]
  8761 | D:9      | Gained mutation: You possess an exceptional clarity of
                  | mind. [potion of mutation]
  9212 | D:8      | Found a glowing silver altar of Zin.
  9238 | D:8      | Noticed a green ugly thing
  9238 | D:8      | Noticed a deep elf mage
  9256 | D:8      | Killed a deep elf mage
  9261 | D:8      | Killed a green ugly thing
  9434 | D:8      | Paralysed by fainting for 9 turns
  9443 | D:8      | Reached skill level 5 in Fighting
  9443 | D:8      | Reached skill level 5 in Armour
 10041 | D:8      | Offered knowledge of Yara's Violent Unravelling by Vehumet.
 10973 | D:9      | Found Mucve's Antique Weapon Boutique.
 11106 | D:9      | Found a blossoming altar of Fedhas.
 11321 | D:9      | Found a shimmering altar of Xom.
 11393 | D:10     | Found Joqoqaaj's General Store.
 11401 | D:10     | Bought a scroll of identify for 22 gold pieces
 11401 | D:10     | Bought a scroll of identify for 22 gold pieces
 11589 | D:10     | Found Ovinuq's Antique Armour Shoppe.
 11597 | D:10     | Bought a fine robe for 216 gold pieces
 11608 | D:10     | Identified the +1 robe of Xoynt {rElec rPois Slay-5} (You
                  | bought it in a shop on level 10 of the Dungeon)
 12192 | D:10     | Reached skill level 5 in Maces & Flails
 12362 | D:11     | Killed from afar by Fannar

Vault maps used:
D:1:      lightli_arrival_flooded_house, minivault_4
D:2:      kennysheep_okawaru_gauntlet, nicolae_overflow_crystal_walls,
          tso_altar, uniq_sigmund
D:3:      uniq_robin
D:4:      nicolae_overflow_hidden_temple, serial_rivers,
          chequers_serial_rivers_room_a, chequers_serial_rivers_micro_c,
          chequers_serial_rivers_room_b, chequers_serial_rivers_small_b,
          chequers_serial_rivers_small_3, chequers_serial_rivers_large_b,
          first_ration, gup_sewer_entry_glass, minivault_24, uniq_grinder,
          uniq_edmund, uniq_duvessa
D:5:      amethyst_overflow_temple_binary, minmay_temple_entry_ruins,
          elyvilon_altar_5
D:6:      makhleb_blood_cavern_becter, kennysheep_mini_moat, zin_statuary,
          minmay_misc_feat_enclosed, nicolae_ru_path_of_blood
D:7:      lemuel_doored_altar, uniq_joseph, uniq_pikel, uniq_crazy_yiuf_cottage
D:8:      basic_altar, minmay_manual_mess
D:9:      kennysheep_little_box, lemuel_round_altar, lemuel_round_altar,
          marbit_many_paths, erik_lair_orcish_takeover, serial_gnoll_camp,
          gnoll_camp_mini_doghouse, gnoll_camp_mini_basic,
          gnoll_camp_mini_sergeant, gnoll_camp_mini_shop,
          gnoll_camp_mini_loothouse
D:10:     serial_shops, shop, shop, grunt_tengu_nest
D:11:     orc_david_3, uniq_josephine, uniq_fannar, uniq_psyche
Sewer:    sewer_kobolds

Skill      XL: |  1  2  3  4  5  6  7  8  9 10 11 |
---------------+----------------------------------+-----
Earth Magic    | 4 5 6 7 8 9 10 | 10.8
Spellcasting   | 3 4 5 6 7 8 |  8.1
Conjurations   | 2 4 5 6 7 8 9 |  9.1
Fighting       | 2 4 5 |  5.5
Armour         | 2 4 5 |  5.5
Maces & Flails | 2 3 5 |  5.0
Dodging        | 2 3 4 |  4.6
Evocations     | 2 3 4 |  4.6
Stealth        | |  2.1
Transmutations | |  0.7

Action                   |  1- 3 |  4- 6 |  7- 9 | 10-12 || total
-------------------------+-------+-------+-------+-------++-------
Melee: Whip              |    99 |    24 |       |       ||   123
       Unarmed           |     5 |       |       |       ||     5
       Morningstar       |       |    96 |   271 |   292 ||   659
       Kick              |       |       |       |    36 ||    36
 Cast: Sandblast         |    12 |    22 |    66 |   135 ||   235
       Stone Arrow       |       |     1 |     7 |     3 ||    11
       Lee's Rapid Decon |       |       |     7 |    28 ||    35
Evoke: Wand              |       |       |       |     1 ||     1
  Use: Scroll            |       |    11 |     4 |    16 ||    31
       Potion            |       |     1 |     2 |     5 ||     8
 Stab: Sleeping          |     2 |     3 |     2 |     1 ||     8
       Invisible         |       |       |       |     4 ||     4
  Eat: Chunk             |     1 |     6 |    12 |    16 ||    35
       Ration            |       |       |     1 |     4 ||     5
Armor: Robe              |    36 |    74 |   138 |   234 ||   482
       Skin              |       |       |    14 |       ||    14
Dodge: Dodged            |    89 |   101 |   241 |   344 ||   775
Block: Other             |       |    14 |    33 |    74 ||   121
       Reflection        |       |       |     1 |     3 ||     4

Table legend:
 A = Non-vault XP
 B = Vault XP
 C = Vault XP percentage of total XP
 D = Non-vault monster count
 E = Vault monster count
 F = Vault count percentage of total count
                 A         B        C        D         E       F
            +---------+---------+-------+---------+---------+-------
      Total |   12406 |    5414 |  30.4 |     255 |      69 |  21.3
            +---------+---------+-------+---------+---------+-------
        D:1 |      25 |       0 |   0.0 |      16 |       0 |   0.0
        D:2 |      63 |     230 |  78.5 |      19 |       3 |  13.6
        D:3 |     131 |      25 |  16.0 |      20 |       7 |  25.9
        D:4 |     685 |     701 |  50.6 |      28 |       9 |  24.3
        D:5 |     503 |       0 |   0.0 |      17 |       0 |   0.0
        D:6 |    1197 |     134 |  10.1 |      27 |       2 |   6.9
        D:7 |    1451 |    1148 |  44.2 |      23 |       3 |  11.5
        D:8 |    1744 |    1335 |  43.4 |      31 |       4 |  11.4
        D:9 |    3265 |    1376 |  29.6 |      35 |      31 |  47.0
       D:10 |    2437 |     328 |  11.9 |      32 |       1 |   3.0
       D:11 |     905 |       0 |   0.0 |       7 |       0 |   0.0
      Sewer |       0 |     137 | 100.0 |       0 |       9 | 100.0
            +---------+---------+-------+---------+---------+-------
